 Dungeon Crawl Stone Soup version 0.15.2 (webtiles) character file.

4 araganzar the Ruffian (level 1, 19/19 HPs)
             Began as a Troll Skald on Jan 5, 2015.
             Quit the game on Level 1 of the Dungeon.
             The game lasted 00:02:06 (261 turns).

araganzar the Ruffian (Troll Skald)                  Turns: 261, Time: 00:02:06

HP  19/19        AC  5     Str 19      XL: 1   Next: 58%
MP   2/2         EV  9     Int  8      God:
Gold 24          SH  0     Dex  9      Spells:  1 memorised,  1 level left

rFire  . . .     SeeInvis .       - Unarmed
rCold  . . .     Clarity  .     b - +0 robe
rNeg   . . .     rCorr    .     (shield restricted)
rPois  .         rRot     .     (helmet restricted)
rElec  .         Spirit   .     (no cloak)
SustAb .         Warding  .     (gloves unavailable)
rMut   .         Stasis   .     (boots unavailable)
Gourm  +                        (no amulet)
MR     .....                    (no ring)
                                (no ring)

@: not resistant to hostile enchantments, very unstealthy
A: unfitting armour, claws 3, fast metabolism 3, gourmand, regeneration 2,
saprovore 2, shaggy fur 1, tough skin 2
a: no special abilities


You were on level 1 of the Dungeon.
You were full.

You visited 1 branch of the dungeon, and saw 1 of its levels.

You collected 24 gold pieces.


Innate Abilities, Weirdness & Mutations

You are too large for most types of armour.
You have claws for hands.
Your metabolism is lightning-fast.
You like to eat raw meat.
You heal very quickly.
You can eat rotten meat.
You are covered in fur (AC +1).
You have very tough skin (AC +2).


   Skills:
 - Level 1.5 Fighting
 - Level 1.2 Dodging
 + Level 2.4 Unarmed Combat
 - Level 1.2 Spellcasting
 - Level 2.0 Charms


You had one spell level left.
You knew the following spells:

 Your Spells              Type           Power        Failure   Level  Hunger
a - Infusion              Chrm           #.....       21%         1    ##.....


Dungeon Overview and Level Annotations

Branches:
Dungeon (1/15)

Altars:

Inventory:

Armour
 b - a +0 robe (worn)
Comestibles
 a - 2 meat rations
Scrolls
 e - a scroll of fear {unknown}
Potions
 d - a potion of mutation {unknown}
 f - 2 potions of heal wounds {unknown}
Books
 c - a book of Battle

   Spells                             Type                      Level
   *Infusion                          Charms                       1
   Shroud of Golubria                 Charms/Translocation         2
   Song of Slaying                    Charms                       2
   Spectral Weapon                    Hexes/Charms                 3
   Regeneration                       Charms/Necromancy            3

#.....# #.#.#..
##########.#.###
#..........#.# #
#####.##########.#
#.....# #.#
#.##### #########
#.#### #..#.#.#.
#..@.# ...#...
####.# #...#. [#
## ###...#. .# #..
#...#...
#####..##.#.#.#.
##8.8#.....######
#......##.##
#......##.#
##......##.##


There were no monsters in sight!


Message History

Found a staircase leading out of the dungeon.
You now have 13 gold pieces.
Found an emulsified cyan potion.
d - an emulsified cyan potion
Found a stone staircase leading down.
Found a scroll labeled SHO ZOFURPHUCH.
Found a stone staircase leading down.
e - a scroll labeled SHO ZOFURPHUCH A hobgoblin comes into view.
The hobgoblin shouts!
The hobgoblin hits you.
You claw the hobgoblin!
You kill the hobgoblin!
No target in view!
No target in view!
You start resting.
HP restored.
Found 11 gold pieces.
Found 2 yellow potions.
You now have 24 gold pieces (gained 11).
f - 2 yellow potions A rat comes into view.
A rat is nearby!
The rat completely misses you.
You claw the rat!
You kill the rat!
No target in view!
No target in view!
You see here a rat corpse.
You finish butchering the rat corpse.
g - a chunk of rat flesh {@*1} Eating a chunk of rat flesh {@*1}.
This raw flesh tastes great.
A hobgoblin comes into view.
The hobgoblin shouts!
A giant newt comes into view.
You closely miss the hobgoblin. The hobgoblin hits you.
You closely miss the hobgoblin.
The hobgoblin hits you but does no damage.
You claw the hobgoblin!
You kill the hobgoblin!
You see here a hobgoblin corpse.
You completely miss the giant newt.
The giant newt bites you but does no damage.
You scratch the giant newt.
You kill the giant newt!
No target in view!
No target in view!
You finish butchering the hobgoblin corpse.
g - 3 chunks of hobgoblin flesh {@*1} You see here a hobgoblin skeleton.
You see here a giant newt corpse.
You finish butchering the giant newt corpse.
h - a chunk of giant newt flesh {@*1} You see here a giant newt skeleton.
Eating a chunk of giant newt flesh {@*1}.
This raw flesh tastes great.
Eating one of 3 chunks of hobgoblin flesh {@*1}.
This raw flesh tastes great.
Eating one of 2 chunks of hobgoblin flesh {@*1}.
This raw flesh tastes great.
Eating a chunk of hobgoblin flesh {@*1}.
This raw flesh tastes great.
A rat comes into view.
You closely miss the rat. The rat barely misses you.
You scratch the rat.
You kill the rat!
No target in view!
No target in view!
Found a pair of gloves.
Are you sure you want to abandon this character and quit the game? (Confirm with "yes".)

Action                   || total
-------------------------++-------
Melee: Unarmed           ||     9
  Eat: Chunk             ||     5

Vault maps used:
D:1:      mrwooster_arrival_statue_2, serial_park_tiny_pond, st_stairs_14,
          minmay_misc_feat_alley

Notes
Turn   | Place    | Note
--------------------------------------------------------------
     0 | D:1      | araganzar, the Troll Skald, began the quest for the Orb.
     0 | D:1      | Reached XP level 1. HP: 19/19 MP: 2/2
   261 | D:1      | Quit the game

Vanquished Creatures
  2 hobgoblins (D:1)
  A giant newt (D:1)
  2 rats (D:1)
5 creatures vanquished.
